 Dungeon Crawl Stone Soup version 0.31.0-11-ge490571c62 (webtiles) character file.

Game seed: 17716387055042764909

3 Caestello the Changeling (level 1, 0/9 HPs)
             Began as a Formicid Shapeshifter on Feb 4, 2024.
             Slain by an endoplasm (2 damage)
             ... on level 1 of the Dungeon.
             The game lasted 00:00:34 (77 turns).

Caestello the Changeling (Formicid Shapeshifter)      Turns: 77, Time: 00:00:35

Health: 0/9        AC:  0    Str: 18    XL:     1   Next: 55%
Magic:  1/1        EV: 16    Int:  9    God:
Gold:   0          SH:  0    Dex: 13    Spells: 0/0 levels left

rFire   . .          .
                       - Unarmed
rCold   . . .        (shield currently unavailable)
rNeg    . . .        a - melded +0 animal skin
rPois   .            (helmet unavailable)
rElec   .            (no cloak)
rCorr   .            (no gloves)
SInv    +            (no boots)
Will    .....        (no amulet)
Stlth   +            (no ring)
HPRegen 0.21/turn    (no ring)
MPRegen 0.07/turn

%: no passive effects
@: flux-form, glowing
A: glow, contaminating, reduced hp, permanent stasis, dig shafts and tunnels,
antennae 3, four strong arms
a: Dig, Shaft Self, Begin Untransformation


You were on level 1 of the Dungeon.
You were something dangerously unstable.
You visited 1 branch of the dungeon, and saw 1 of its levels.

Inventory:

Armour
 a - a +0 animal skin (melded)
Talismans
 c - a beast talisman
 d - a flux talisman (active)
 f - a beast talisman
Scrolls
 e - a scroll of noise {unknown}
Potions
 b - a potion of lignification


   Skills:
 + Level 1.1 Fighting
 + Level 1.8 Dodging
 + Level 3.0 Unarmed Combat
 + Level 3.4 Shapeshifting


You couldn't memorise any spells.
You didn't know any spells.
Your spell library was empty.

Dungeon Overview and Level Annotations

Branches:
Dungeon (1/15)

Altars:


Innate Abilities, Weirdness & Mutations

You are something dangerously unstable.
You glow with magical radiation, making you easy to see and hit.
Foes you strike become dangerously contaminated with magical radiation.
Your maximum health is decreased, since you lack skill for your form.
You are incapable of wielding weapons or throwing items.
You cannot be hasted, slowed, berserked, paralysed or teleported.
You can dig through walls and to a lower floor.
You have a pair of large antennae on your head. (SInv)
Your four strong arms can wield two-handed weapons with a shield.


Message History

You hit the ball python.
The ball python begins to glow.
The ball python is moderately wounded.
The ball python bites you. The ball python misses you.
You hit the ball python.
The ball python glows dangerously bright.
The ball python is severely wounded.
The ball python misses you. The ball python completely misses you.
You hit the ball python.
You kill the ball python!
Found a stone staircase leading down.
There is a stone staircase leading down here.
A goblin comes into view. It is wielding a +0 club.
Found a beast talisman, a fuming white potion and a spear.
The goblin shouts!
A goblin is nearby!
A ball python comes into view.
The ball python moves out of view.
You see here a beast talisman.
f - a beast talisman You hit the goblin.
You kill the goblin!
Things that are here:
a +0 club; a goblin corpse An endoplasm comes into view.
The endoplasm quivers.
You see here a fuming white potion.
You see here a +0 spear.
You see here a fuming white potion.
The endoplasm freezes you.
You are frozen.
You hit the endoplasm.
The endoplasm begins to glow.
The endoplasm is moderately wounded.
The endoplasm freezes you.
You are frozen.
Ouch! That really hurt!
* * * LOW HITPOINT WARNING * * *
You hit the endoplasm.
The endoplasm glows dangerously bright.
The endoplasm is heavily wounded.
The endoplasm hits you.
You die...

#.# #.# #.#####.#
#.# ........###.#
#...........#
.#####)##### #.#
##.##
...##)!.#####.#
.........pJ......
####.##...#####.#
# ##.## #.# #.#
... ..# .##


You could see an endoplasm (heavy contam).

Vanquished Creatures
  A ball python (D:1)
  A goblin (D:1)
  A bat (D:1)
3 creatures vanquished.

Notes
Turn   | Place    | Note
-------+----------+-------------------------------------------
     0 | D:1      | Caestello the Formicid Shapeshifter began the quest for the
                  | Orb.
     0 | D:1      | Reached XP level 1. HP: 15/15 MP: 1/1
    77 | D:1      | Slain by an endoplasm

Illustrated notes

Levels and vault maps discovered:
D:1:      roadster_arrival_rocket_small, layout_loops_ring

Action                     || total
---------------------------++-------
  Melee: Unarmed           ||    10
 Armour: Skin              ||     2
  Dodge: Dodged            ||    13
   Form: Flux              ||     1
